Map: Magannatha LE

Players

dEYE - Winner!

  • Race: Protoss Protoss
  • League: Master
  • Spawn Location: 5:00

A.I. 1 (Elite)

  • Race: Terran Terran
  • Spawn Location: 11:00

VOD

Have the link to the VOD?

Description

Time

  • Played on: June 20, 2025, 11:08 a.m.
  • Length: 12:12
Show
View Real Time Build Order
Export as new Build Order

dEYE Protoss - Winner!

Build Orders: 1 Gate Expand, Zealot Archon 

Get SALT Encoding   

  12  0:00  Probe  
  13  0:12  Probe  
  14  0:16  Pylon  
  14  0:25  Probe  
  15  0:35  Gateway  
  15  0:45  Probe  
  16  0:50  Assimilator  
  16  1:15  Nexus  
  16  1:27  Cybernetics Core  
  16  1:31  Probe  
  17  1:43  Probe  
  18  1:48  Assimilator  
  18  1:55  Warp Gate  
  18  1:56  Probe  
  19  2:05  Pylon  
  19  2:14  Probe  
  20  2:26  Probe  
  21  2:30  Gateway  
  21  2:38  Twilight Council  
  21  2:45  Probe x2  
  23  2:56  Charge  
  23  2:59  Probe  
  23  3:00  Probe  
  25  3:21  Templar Archives  
  25  3:26  Gateway  
  26  3:27  Probe x2  
  27  3:44  Psionic Storm  
  27  3:46  Gateway  
  27  3:48  Forge  
  27  3:50  Probe  
  27  3:52  Probe  
  29  3:58  Probe  
  29  4:02  Protoss Ground Armor Level 1  
  30  4:07  Probe x2  
  32  4:19  Probe x2  
  34  4:31  Probe  
  34  4:32  Probe  
  34  4:36  Assimilator  
  36  4:42  Pylon  
  36  4:43  Probe  
  36  4:44  Probe  
  38  4:55  Probe  
  38  4:56  Probe  
  40  5:00  Zealot x4  
  48  5:13  Probe  
  49  5:17  Pylon  
  49  5:26  Pylon, Probe x2  
  51  5:29  Pylon  
  51  5:40  Probe x2  
  51  5:41  Assimilator  
  53  5:44  Protoss Ground Weapons Level 1  
  53  5:51  Gateway x2  
  53  5:52  High Templar x3, Probe  
  53  5:53  High Templar, Probe  
  63  5:58  Gateway x2  
  63  6:09  Probe x2  
  65  6:21  Probe  
  65  6:22  Probe  
  67  6:31  High Templar  
  69  6:34  Zealot x3  
  75  6:42  Pylon  
  75  6:44  Shield Battery  
  75  6:46  Shield Battery  
  75  6:49  Photon Cannon  
  75  6:52  Photon Cannon  
  75  6:54  Photon Cannon  
  75  6:57  Photon Cannon  
  75  6:58  Shield Battery  
  75  7:06  High Templar x3  
  81  7:09  Zealot x2  
  81  7:11  Archon  
  85  7:18  Pylon  
  85  7:22  Pylon  
  85  7:24  Pylon  
  85  7:26  Pylon  
  85  7:29  Pylon  
  85  7:38  Pylon  
  85  7:39  Pylon  
  85  7:42  Pylon  
  85  7:45  Pylon  
  85  7:47  Pylon  
  85  7:52  High Templar  
  85  7:53  Shield Battery, Photon Cannon  
  85  7:56  Archon  
  87  7:58  Zealot x5  
  87  7:59  Zealot x2  
  101  8:09  Protoss Shields Level 1  
  101  8:17  Shield Battery  
  101  8:25  High Templar  
  101  8:26  High Templar x2  
  107  8:29  Zealot x5  
  87  9:07  Nexus  
  87  9:11  Pylon  
  87  9:12  Zealot x8  
  87  9:14  Pylon  
  103  9:17  Archon  
  103  9:27  Pylon  
  103  10:10  Zealot x8  
  107  10:55  Zealot  
  107  10:56  Zealot x7  
  123  11:06  Probe  
  123  11:07  Probe x2  
  126  11:14  Robotics Facility x2  
  126  11:18  Probe  
  126  11:19  Probe x2  
  129  11:30  Probe  
  129  11:31  Probe x2  
  132  11:43  Probe x3  
  135  11:55  Probe x3  
Show
View Real Time Build Order
Export as new Build Order

A.I. 1 (Elite) Terran 

Build Orders:  

Get SALT Encoding   

  12  0:00  SCV  
  13  0:13  SCV  
  14  0:18  Supply Depot  
  14  0:25  SCV  
  15  0:39  SCV  
  16  0:43  Barracks  
  16  0:51  SCV  
  17  1:03  SCV  
  18  1:15  SCV  
  18  1:17  Supply Depot  
  19  1:22  Refinery  
  19  1:28  SCV  
  19  1:29  Marine  
  21  1:40  SCV  
  22  1:47  Marine  
  22  1:50  Barracks  
  22  1:52  SCV  
  24  1:55  Refinery  
  24  2:03  Supply Depot  
  24  2:04  Orbital Command  
  24  2:05  Marine  
  25  2:23  Marine  
  26  2:30  SCV  
  27  2:40  Marine  
  27  2:42  SCV  
  27  2:44  Command Center  
  29  3:00  Factory  
  29  3:02  SCV  
  29  3:04  Marine  
  31  3:08  Marine  
  32  3:14  SCV  
  33  3:22  Marine  
  33  3:25  Marine  
  33  3:26  SCV  
  36  3:34  Barracks  
  36  3:38  SCV  
  37  3:41  Barracks Tech Lab  
  37  3:45  Barracks Tech Lab  
  37  3:50  SCV  
  37  3:53  Starport  
  37  3:54  Factory Tech Lab  
  38  3:56  SCV  
  38  4:02  SCV  
  40  4:06  Marine  
  40  4:08  SCV  
  40  4:09  Marine  
  43  4:14  Stimpack, SCV  
  44  4:18  Combat Shield  
  44  4:20  SCV  
  45  4:25  Marine  
  45  4:26  Supply Depot, SCV  
  45  4:28  Marine  
  48  4:32  SCV  
  48  4:37  Medivac  
  51  4:38  SCV  
  51  4:39  Marine  
  51  4:45  Orbital Command, Marine  
  53  4:48  Marine  
  53  4:51  SCV  
  56  4:57  Supply Depot  
  56  5:02  Supply Depot  
  56  5:03  SCV  
  56  5:06  Marauder  
  59  5:09  Marauder  
  60  5:27  Marauder  
  62  5:31  Marauder  
  62  5:34  Engineering Bay  
  64  5:40  Engineering Bay, Command Center  
  64  5:48  Marauder  
  66  5:58  Marauder  
  66  5:59  Terran Infantry Armor Level 1  
  68  6:05  Barracks Reactor  
  68  6:06  Terran Infantry Weapons Level 1  
  68  6:10  Marauder  
  70  6:12  Supply Depot  
  70  6:19  Concussive Shells, Marauder  
  72  6:26  Siege Tank  
  72  6:31  Marauder  
  77  6:36  Supply Depot  
  77  6:40  Marauder  
  79  6:51  Barracks, Starport Reactor  
  79  6:54  SCV  
  79  6:57  SCV  
  79  6:58  Siege Tank  
  79  7:00  SCV  
  85  7:12  Refinery  
  85  7:14  Refinery  
  85  7:18  Marauder x2  
  89  7:28  Medivac  
  89  7:29  Command Center  
  91  7:34  SCV  
  92  7:37  SCV  
  92  7:38  SCV  
  92  7:40  Marauder x2  
  92  7:43  Supply Depot  
  98  7:46  SCV  
  98  7:47  Siege Tank  
  102  7:59  Orbital Command  
  102  8:07  Armory  
  102  8:17  Missile Turret  
  105  8:20  Siege Tank  
  105  8:22  Missile Turret  
  105  8:24  Supply Depot  
  105  8:41  SCV  
  106  8:43  SCV  
  106  8:45  SCV  
  106  8:47  SCV  
  105  8:50  Marine  
  105  8:52  Marine, Siege Tank  
  105  8:54  Marine  
  105  8:55  Terran Infantry Weapons Level 2  
  79  8:56  Marine  
  79  8:58  Marine  
  60  9:05  SCV  
  60  9:06  SCV  
  60  9:07  SCV  
  60  9:08  Marauder  
  65  9:10  Marine  
  65  9:12  Marine  
  65  9:13  SCV  
  65  9:15  Marine  
  65  9:16  Marine  
  70  9:19  SCV  
  70  9:21  SCV  
  70  9:22  SCV  
  75  9:24  Widow Mine  
  75  9:25  SCV  
  75  9:28  Marine  
  75  9:29  Marauder  
  75  9:30  Marine  
  76  9:31  SCV  
  76  9:33  Marine, SCV  
  76  9:34  Marine, SCV  
  76  9:38  SCV  
  78  9:43  SCV  
  78  9:45  SCV  
  70  9:46  Marine, SCV  
  70  9:48  Marine  
  70  9:50  Marine, SCV  
  70  9:52  Marine  
  69  9:54  Marine  
  69  9:56  SCV  
  69  9:59  SCV  
  56  10:03  SCV  
  56  10:04  Marine  
  56  10:06  Marine  
  55  10:08  SCV  
  55  10:09  Marauder  
  55  10:10  Marine  
  55  10:12  SCV  
  55  10:15  SCV  
  45  10:21  Marine  
  45  10:22  Marauder, SCV  
  45  10:23  Marine  
  44  10:30  Marauder  
  39  10:38  Marine  
  39  10:41  Marine, Command Center  
  30  10:45  Marine  
  30  10:46  Marine  
  23  10:51  Marine, SCV  
  23  11:03  Marine  
  16  11:47  Supply Depot  
Tags
 
Composition
Zealot Archon
League
Master
Matchup
PvT
Spawn Locations
Cross Positions
Add a new tag
Caveats
  • Supply blocks, unpowered buildings, or Contaminate may cause inaccurate times.
  • Supply counts are checked every 10 seconds.